 Dungeon Crawl Stone Soup version 0.19-a0-1697-g0595f0e (webtiles) character file.

8090 Promi the Magician (level 10, -3/84 HPs)
             Began as a Demigod Wizard on Sept 27, 2016.
             Slain by Erica
             ... wielding a +1 scimitar of flaming
              (10 damage)
             ... on level 2 of the Lair of Beasts.
             The game lasted 01:15:28 (17082 turns).

Promi the Magician (Demigod Wizard)                Turns: 17082, Time: 01:15:29

Health: -3/84      AC: 11    Str: 10      XL:     10   Next: 76%
Magic:  25/25      EV: 16    Int: 32 (34) God:
Gold:   471        SH:  0    Dex: 13 (15) Spells: 4 memorised, 15 levels left

rFire  + . .     SeeInvis .     C - +1 quarterstaff "Lex Medd" {drain, +Fly Dex+4}
rCold  . . .     Gourm    .     B - +0 ring mail "Siacub" {Int+6 Dex-5}
rNeg   . . .     Faith    .     (shield currently unavailable)
rPois  .         Spirit   .     b - +1 hat
rElec  .         Dismiss  .     t - +0 cloak
rCorr  .         Reflect  .     p - +0 pair of gloves
MR     +....     Harm     .     (no boots)
Stlth  +.........               (no amulet)
                                m - ring of protection from fire
                                y - +3 ring of evasion

@: slowed, repel missiles, drained, very slow
A: agile 1, deterioration 1, high mp 1, shaggy fur 1
a: Evoke Flight


You were on level 2 of the Lair of Beasts.
You were hungry.

You visited 2 branches of the dungeon, and saw 13 of its levels.
You also visited: Sewer.

You collected 612 gold pieces.
You spent 141 gold pieces at shops.

Inventory:

Hand Weapons
 e - a +1 club
 i - a +0 falchion of holy wrath
 C - the +1 quarterstaff "Lex Medd" (weapon) {drain, +Fly Dex+4}
   (You found it on level 7 of the Dungeon)

   A truly terrible weapon, it drains the life of those it strikes.
   It affects your dexterity (+4).
   It lets you fly.
Armour
 b - a +1 hat (worn)
 k - a +3 leather armour
 p - a +0 pair of gloves (worn)
 t - a +0 cloak (worn)
 x - a +3 leather armour of magic resistance
 z - a +0 shield of protection
 B - the +0 ring mail "Siacub" (worn) {Int+6 Dex-5}
   (You bought it in a shop on level 6 of the Dungeon)

   It affects your intelligence (+6).
   It affects your dexterity (-5).
Jewellery
 m - a ring of protection from fire (right hand)
 r - an uncursed ring of see invisible
 w - an uncursed ring of magical power
 y - a +3 ring of evasion (left hand)
Wands
 a - a wand of slowing (31/48)
 j - a wand of lightning (6/15)
Scrolls
 h - 4 scrolls of remove curse
 n - 13 scrolls of identify
 o - 2 scrolls of enchant weapon
 s - a scroll of magic mapping
 E - a scroll of enchant armour
 F - a scroll of recharging
 G - a scroll of fog
Books
 c - a book of Minor Magic

   Spells                             Type                      Level
   a - Magic Dart                     Conjuration                  1
   b - Blink                          Translocation                2
   c - Call Imp                       Summoning                    2
   d - Repel Missiles                 Charms/Air                   2
   e - Slow                           Hexes                        2
   f - Conjure Flame                  Conjuration/Fire             3
   g - Mephitic Cloud                 Conjuration/Poison/Air       3
 A - a book of Air

   Spells                             Type                      Level
   a - Shock                          Conjuration/Air              1
   b - Swiftness                      Charms/Air                   2
   c - Repel Missiles                 Charms/Air                   2
   d - Static Discharge               Conjuration/Air              3
   e - Lightning Bolt                 Conjuration/Air              5
 D - a book of Battle

   Spells                             Type                      Level
   a - Infusion                       Charms                       1
   b - Shroud of Golubria             Charms/Translocation         2
   c - Song of Slaying                Charms                       2
   d - Spectral Weapon                Hexes/Charms                 3
   e - Regeneration                   Charms/Necromancy            3
Comestibles
 d - 9 bread rations
 f - 4 beef jerkies
 g - 6 slices of pizza
 l - 3 meat rations
 v - 3 chunks of flesh


   Skills:
 + Level 6.9(6.5) Fighting
 + Level 6.3(5.9) Armour
 + Level 7.0(6.6) Dodging
 - Level 2.1(1.8) Stealth
 + Level 7.3(6.9) Spellcasting
 + Level 7.3(6.8) Conjurations
 - Level 0.8(0.5) Summonings
   Level 0.8(0.5) Translocations


You had 15 spell levels left.
You knew the following spells:

 Your Spells              Type           Power        Failure   Level  Hunger
a - Magic Dart            Conj           ####         1%          1    None
b - Call Imp              Summ           ##......     14%         2    None
c - Repel Missiles        Chrm/Air       ##....       17%         2    None
d - Mephitic Cloud        Conj/Pois/Air  ####....     12%         3    None


Dungeon Overview and Level Annotations

Branches:
Dungeon (10/15)            Temple (0/1) D:6            Lair (3/6) D:9
  Swamp: Lair:2-4    Shoals: Lair:2-4     Snake: Lair:2-4    Spider: Lair:2-4
    Orc: D:9-12

Shops:
D:4 *   D:6 [   D:7 }

Annotations:
D:3 Grinder
D:6 Pikel
D:8 Joseph, Psyche
D:10 Urug
Lair:1 Gastronok
Lair:2 Erica, Nergalle


Innate Abilities, Weirdness & Mutations

You have an increased reservoir of magic. (+10% MP)
You are agile. (Dex +2)
Your body sometimes deteriorates upon taking damage.
You are covered in fur. (AC +1)


Message History

* * * LOW HITPOINT WARNING * * *
The wolf bites you but does no damage. Something hits you.
* * * LOW HITPOINT WARNING * * *
You hit the wolf.
The wolf is almost dead.
The wolf barely misses you. The wolf bites you.
* * * LOW HITPOINT WARNING * * *
Something hits you but does no damage. The wolf completely misses you.
Something hits you!
* * * LOW HITPOINT WARNING * * *
The wolf misses you.
You hit the wolf but do no damage.
The wolf is almost dead.
The wolf bites you.
* * * LOW HITPOINT WARNING * * *
The wolf misses you.
You hear some strange, mumbled words.
Something tries to affect you, but you resist.
The wolf barely misses you. Something hits you!
You die...

P..............
#..#..........
#.............
#####.............
...................
..........#.#...#.#
...................
...........{h......
..........@.......
..................
#.###.....#....##.
.##..##..####.####
......P..# ..
................ ..
..........#......
.# ...........#
..#.##
.##..#######.#.. #


You could see a wolf.

Vanquished Creatures
  A black mamba (Lair:1)
  A spiny frog (Lair:1)
  A two-headed ogre (D:9)
  6 blink frogs
  3 hippogriffs
  4 yaks
  4 hogs (D:7)
  A human (D:7)
  Edmund (D:6)
  A water moccasin (D:4)
  An orc warrior (D:7)
  3 sky beasts
  An ice beast (D:5)
  4 slaves
  3 ogres
  8 centaurs
  6 crocodiles
  3 wolves (Lair:3)
  A big kobold (D:7)
  8 bullfrogs
  A scorpion (D:10)
  2 wyvern skeletons
  A wight (D:7)
  A howler monkey (D:4)
  A centaur zombie (D:7)
  3 crimson imps
  A bullfrog zombie (D:7)
  5 hounds
  A gnoll shaman (D:7)
  3 orc priests
  Crazy Yiuf (D:7)
  6 orc wizards
  6 iguanas
  10 worker ants
  2 hound zombies
  A worker ant zombie (D:7)
  2 howler monkey skeletons
  8 gnolls (D:7)
  8 adders
  A river rat (D:9)
  A shadow imp (D:9)
  An ooze (D:5)
  3 worms
  2 dart slugs
  12 leopard geckos
  28 orcs
  10 bats
  12 giant cockroaches
  2 goblins
  4 hobgoblins
  7 jackals
  5 quokkas
  3 ball pythons
  5 frilled lizards
  A goblin zombie (D:6)
  A jackal zombie (D:6)
  13 kobolds
  A leopard gecko zombie (D:5)
  3 quokka skeletons
  9 rats
  A fungus (D:9)
249 creatures vanquished.

Vanquished Creatures (collateral kills)
  Purgy (Sewer)
  A crimson imp (D:5)
  An iguana (D:5)
  A quokka skeleton (D:6)
4 creatures vanquished.

Vanquished Creatures (others)
  4 fungi
  A plant (Lair:1)
5 creatures vanquished.

Grand Total: 258 creatures vanquished

Notes
Turn   | Place    | Note
-------+----------+-------------------------------------------
     0 | D:1      | Promi the Demigod Wizard began the quest for the Orb.
     0 | D:1      | Reached XP level 1. HP: 14/14 MP: 6/6
   146 | D:1      | Reached skill level 1 in Conjurations
   469 | D:1      | Reached XP level 2. HP: 15/20 MP: 2/8
   474 | D:1      | Learned a level 2 spell: Call Imp
   477 | D:1      | Learned a level 2 spell: Repel Missiles
  1408 | D:2      | Reached XP level 3. HP: 27/27 MP: 1/10
  2463 | D:2      | Reached skill level 1 in Fighting
  2463 | D:2      | Reached XP level 4. HP: 31/35 MP: 11/11
  2468 | D:2      | Learned a level 3 spell: Mephitic Cloud
  2896 | D:3      | Noticed Grinder
  3846 | D:4      | Reached skill level 1 in Armour
  3846 | D:4      | Reached XP level 5. HP: 40/40 MP: 0/13
  4794 | D:4      | Found Korud's Serpentskin Sales.
  4794 | D:4      | Noticed a water moccasin
  4817 | D:4      | Killed a water moccasin
  4817 | D:4      | Reached XP level 6. HP: 25/49 MP: 1/14
  5033 | D:4      | Gained mutation: You are covered in fur. (AC +1) [potion of mutation]
  5033 | D:4      | Gained mutation: You are agile. (Dex +2) [potion of mutation]
  5033 | D:4      | Gained mutation: Your body sometimes deteriorates upon taking damage. [potion of mutation]
  5083 | D:5      | Entered Level 5 of the Dungeon
  5532 | D:5      | Reached XP level 7. HP: 22/56 MP: 11/16
  6207 | D:6      | Noticed Pikel
  6341 | D:6      | Found a staircase to the Ecumenical Temple.
  6341 | D:6      | Found Rosaun's Armour Shoppe.
  6496 | D:6      | Found a glowing drain.
  6512 | Sewer    | Entered a sewer
  6634 | Sewer    | Noticed Purgy
  6653 | Sewer    | Killed Purgy
  6985 | D:6      | Noticed Edmund
  6999 | D:6      | Killed Edmund
  7766 | D:6      | Reached XP level 8. HP: 66/66 MP: 6/18
  7871 | D:6      | Bought the cursed +0 ring mail "Siacub" {Int+6 Dex-5} for 141 gold pieces
  8729 | D:7      | Found Sita's Gadget Emporium.
  8816 | D:7      | Got a twisted quarterstaff
  8817 | D:7      | Identified the cursed +1 quarterstaff "Lex Medd" {drain, +Fly Dex+4} (You found it on level 7 of the Dungeon)
  9107 | D:7      | Reached skill level 5 in Spellcasting
  9637 | D:7      | Reached skill level 5 in Conjurations
  9641 | D:7      | Reached skill level 5 in Dodging
  9759 | D:7      | Reached XP level 9. HP: 44/72 MP: 19/21
 10451 | D:7      | Reached skill level 5 in Fighting
 10637 | D:7      | Found a runed door.
 10814 | D:7      | Noticed Crazy Yiuf
 10837 | D:7      | Killed Crazy Yiuf
 11209 | D:8      | Noticed Joseph
 11931 | D:7      | Reached skill level 5 in Armour
 12071 | D:8      | Noticed Psyche
 12853 | D:9      | Found a staircase to the Lair.
 13432 | D:10     | Entered Level 10 of the Dungeon
 13652 | D:10     | Reached XP level 10. HP: 52/83 MP: 23/23
 13821 | D:10     | Noticed a cyan ugly thing
 13822 | D:10     | Noticed Urug
 13847 | D:10     | HP: 2/83 [Urug/javelin (7)]
 14239 | Lair:1   | Entered Level 1 of the Lair of Beasts
 14448 | Lair:1   | Noticed a black mamba
 15073 | D:9      | Noticed a red ugly thing
 16027 | Lair:1   | Noticed Gastronok
 16283 | Lair:2   | Noticed Nergalle
 16322 | Lair:2   | Noticed a spectral orc warlord
 16909 | Lair:1   | Killed a black mamba
 17004 | Lair:2   | Noticed Erica
 17082 | Lair:2   | Slain by Erica

Vault maps used:
D:1:      zelgadis_glass_arrival_small
D:2:      first_bread
D:3:      corexii_leaking_fountain, uniq_grinder
D:4:      guppyfry_shop_venom
D:6:      gup_sewer_entry_pipe, enter_ossuary_3, serial_shops,
          nicolae_shop_trees, uniq_pikel, uniq_edmund
D:7:      serial_shops, nicolae_shop_trees, grunt_livestock,
          uniq_crazy_yiuf_cottage
D:8:      minivault_25, minmay_curled_crystal, uniq_psyche, uniq_joseph
D:9:      dpeg_oklobed_lair
D:10:     minmay_diamond_spiral, uniq_urug
Lair:1:   uniq_gastronok
Lair:2:   uniq_nergalle, uniq_erica
Lair:3:   minmay_swamp_entry_reptiles, beast_lair_carwin_1
Sewer:    kennysheep_door_sewer

Skill      XL: |  1  2  3  4  5  6  7  8  9 10 |
---------------+-------------------------------+-----
Conjurations   | 1 2 3 4 5 6 7 |  7.3
Dodging        | 2 3 4 5 6 7 |  7.0
Spellcasting   | 3 4 5 6 7 |  7.3
Stealth        | 2 |  2.1
Fighting       | 1 2 3 4 6 |  6.9
Armour         | 1 2 3 4 5 6 |  6.3
Summonings     | |  0.8
Translocations | |  0.8

Action                   |  1- 3 |  4- 6 |  7- 9 | 10-12 || total
-------------------------+-------+-------+-------+-------++-------
Melee: Club              |    73 |    65 |   109 |       ||   247
       Quarterstaff      |       |       |   298 |   207 ||   505
 Cast: Magic Dart        |    93 |   138 |   405 |    59 ||   695
       Repel Missiles    |     1 |       |     8 |       ||     9
       Mephitic Cloud    |       |     5 |    12 |     3 ||    20
       Call Imp          |       |     7 |    27 |     6 ||    40
Evoke: Wand              |       |       |       |     2 ||     2
  Use: Potion            |     6 |     6 |     3 |    13 ||    28
       Scroll            |     1 |    10 |     2 |     1 ||    14
 Stab: Sleeping          |     2 |     3 |     1 |     1 ||     7
       Confused          |       |     1 |     1 |       ||     2
  Eat: Chunk             |     4 |     9 |    21 |     6 ||    40
       Beef jerky        |       |     1 |       |       ||     1
       Bread ration      |       |       |     1 |       ||     1
       Fruit             |       |       |     1 |       ||     1
       Pizza             |       |       |     1 |     3 ||     4
Armor: Robe              |    24 |       |       |       ||    24
       Leather armour    |     1 |    27 |    59 |       ||    87
       Ring mail         |       |       |   136 |   121 ||   257
Dodge: Dodged            |    81 |   101 |   572 |   360 ||  1114
       Deflected         |       |     1 |    15 |       ||    16
